 Dungeon Sprint DCSS version bcrawl-1.31 (webtiles) character file.

Game seed: 18213994062891453872

448557 Groucho the Ninja (level 11, -2/111 HPs)
             Began as a Felid Berserker on Apr 3, 2021.
             Was a Priest of Trog.
             Slain by Gloorx Vloq (35 damage)
             ... in the Dungeon (Sprint II: "The Violet Keep of Menkaure") on Apr 4, 2021.
             The game lasted 00:36:41 (7013 turns).

Groucho the Ninja (Felid Berserker)                 Turns: 7013, Time: 00:36:41

Health: -2/111     AC:  3    Str: 18    XL:     11   Next: 57%
Magic:  24/24      EV: 37    Int: 15    God:    Trog [***...]
Gold:   3682       SH:  0    Dex: 20    Spells: 10/10 levels left
                                        Lives:  0   Deaths: 4

rFire    + + +     SeeInvis +     - Teeth and claws (38.4)
rCold    + . .     Gourm    +   (shield unavailable)
rNeg     . . .     Faith    .   (armour unavailable)
rPois    .         Spirit   .   (helmet unavailable)
rElec    .         Reflect  .   (cloak restricted)
rCorr    .         Harm     .   (gloves unavailable)
MR       ++++.     NoTele   +   (boots unavailable)
Stlth    ..........             r - amulet of the gourmand
HPRegen  1.28/turn              z - ring of flight
MPRegen  0.19/turn              l - ring "Womann" {rF++ Int+6}

@: berserking, flying, regenerating, hasted, very quick
A: very small, no armour, no weapons or thrown items, stealth, claws 1, fangs 3,
see invisible, carnivore, fire resistance 1, speed 1, magic resistance 1, shaggy
fur 3, slow metabolism 1, subdued magic 1, sharp paws
a: Berserk, Trog's Hand, Renounce Religion, Stop Flying


You were in the Dungeon.
You worshipped Trog.
Trog was most pleased with you.
You were not hungry.

You visited 1 branch You collected 5284 gold pieces.
You spent 1602 gold pieces at shops.

Inventory:

Jewellery
 j - the ring "Cukof" {+Inv Int+2 Dex+4}
   (You bought it in a shop in the Dungeon)

   [ring of dexterity]

   It affects your intelligence (+2).
   It affects your dexterity (+4).
   It lets you turn invisible.
 l - the ring "Womann" (right paw) {rF++ Int+6}
   (You found it in the Dungeon)

   [ring of intelligence]

   It affects your intelligence (+6).
   It greatly protects you from fire.
 r - an amulet of the gourmand (around neck)
 s - an uncursed amulet of magic regeneration
 w - the ring of Sif Muna's Favour {rElec rN++ MR+ Str-4 Int+5}
   (You found it in the Dungeon)

   [ring of intelligence]

   It affects your strength (-4).
   It affects your intelligence (+5).
   It insulates you from electricity.
   It greatly protects you from negative energy.
   It affects your resistance to hostile enchantments.
 y - the ring "Yjuasm" {rC+ Int+5 SInv}
   (You bought it in a shop in the Dungeon)

   [ring of intelligence]

   It affects your intelligence (+5).
   It protects you from cold.
   It lets you see invisible.
 z - a ring of flight (left paw)
 B - an uncursed ring of poison resistance
 E - a +4 amulet of reflection
Wands
 D - a wand of paralysis (8)
 F - a wand of acid (7)
Scrolls
 g - 2 scrolls of remove curse {unknown}
 h - 5 scrolls of fear {unknown}
 i - 7 scrolls of identify
 p - 2 scrolls of magic mapping {unknown}
 t - a scroll of immolation {unknown}
 x - a scroll of acquirement {unknown}
Potions
 a - 24 potions of magic
 b - 3 potions of curing
 c - 4 potions of flight
 d - 4 potions of haste
 f - 2 potions of berserk rage
 k - a potion of experience
 m - 3 potions of resistance {unknown}
 n - a potion of degeneration {unknown}
 o - 2 potions of agility {unknown}
 q - 2 potions of might {unknown}
 C - a potion of lignification {unknown}
Miscellaneous
 u - a sack of spiders
 v - a phantom mirror
Comestibles
 e - 3 rations {!d}


   Skills:
 + Level 16.8 Fighting
 + Level 20.8 Dodging
 O Level 27 Stealth
 + Level 19.4 Unarmed Combat
 + Level 16.4 Evocations


You had 10 spell levels left.
You didn't know any spells.
Your spell library contained the following spells:

 Spells                   Type           Power        Failure   Level  Hunger
 Beastly Appendage        Tmut           #.....       22%         1    None
 Infusion                 Chrm           #.......     22%         1    None
 Shock                    Conj/Air       #....        22%         1    None
 Passwall                 Tmut/Erth      #.......     34%         2    ####...
 Sticks to Snakes         Tmut           #.......     34%         2    ####...
 Ignite Poison            Fire/Tmut/Pois #.......     58%         3    #####..
 Mephitic Cloud           Conj/Pois/Air  #.......     58%         3    #####..
 Blade Hands              Tmut           #.........   100%        5    #######
 Silence                  Hex/Air        #.........   100%        5    #######
 Infestation              Hex/Tmut/Pois  #........    100%        6    #######
 Statue Form              Tmut/Erth      #........    100%        6    #######
 Mana Rupture             Conj/Hex       #.........   100%        7    #######
 Monstrous Menagerie      Summ           #.........   100%        7    #######
 Orb of Destruction       Conj           #.........   100%        7    #######
 Spellforged Servitor     Conj/Summ      #.........   100%        7    #######
 Dragon's Call            Summ           #.........   100%        9    #######
 Spectral Weapon          Hex/Chrm       Unusable     N/A         3    N/A

Dungeon Overview and Level Annotations

Branches:
Dungeon (1/1)

Altars:
Cheibriados
Dithmenos
Elyvilon
Fedhas
Gozag
Hepliaklqana
Kikubaaqudgha
Lugonu
Makhleb
Nemelex Xobeh
Okawaru
Qazlal
Ru
Sif Muna
Trog
Uskayaw
Vehumet
Wu Jian
Xom
Yredelemnul
Zin
The Shining One
Beogh
Jiyva

Shops:
D }?=!:[=!}(=%!:([[[*%%[?([(!?*=%%:(([

Annotations:
D exclusion: oklob plant, Gloorx Vloq


Innate Abilities, Weirdness & Mutations

You cannot wear almost all types of armour.
You are incapable of wielding weapons or throwing items.
Your paws allow you to move quietly. (Stealth)
You have sharp claws.
You have razor-sharp teeth.
You have supernaturally acute eyesight. (SInv)
You are carnivorous and can eat meat at any time.
You cover ground quickly.
Your thick and shaggy fur keeps you warm. (AC +3, rC+)
You have a slow metabolism.
Your sharp claws are effective at attacking unaware monsters.
Your flesh is heat resistant. (rF+)
You are resistant to hostile enchantments. (MR+)
Your spells are a little easier to cast, but a little less powerful.


Message History

There is a large open door here.
You avoid triggering a bolt trap.
There is a bolt trap here.
Gloorx Vloq calls on the powers of darkness!
Your body is wracked with pain!
Gloorx Vloq gestures at you. The poison arrow misses you.
Your skin crawls.
You feel resistant to hostile enchantments.
You feel somewhat more hungry.
Gloorx Vloq calls on the powers of darkness!
Your body is wracked with pain!
* * * LOW HITPOINT WARNING * * *
A red film seems to cover your vision as you go berserk!
You feel yourself moving faster!
You feel mighty!
You feel a lot more hungry.
You are too injured to fight recklessly!
You are too injured to fight recklessly!
You feel a strong urge to attack something.
Gloorx Vloq completely misses you. Gloorx Vloq hits you!!
You die...

▓▓▓▓▓▓▓▓▓▓▓▓▓▓▓▓▓▓▓▓▓▓▓▓▓
'M..'..♣♣.....♣♣..^..♣♣.▓
▓z..▓(♣♣^.♣°T1♣♣..^♣.♣♣^▓
▓§▓▓▓.♣♣^.♣♣O&♣♣@.♣♣..♣.▓
▓O†.▓.♣♣..♣♣°○♣&..♣♣....▓
▓▓▓M▓.♣...♣♣1.....♣♣....▓
▓0..▓.....▓▓▓▓▓▓▓▓▓▓''▓▓▓#
▓▓▓▓▓▓▓▓▓▓▓▓▓▓▓▓▓.§......#
▓≈≈≈≈≈≈≈≈▓▓▓....▓.'''§§'.#
▓▓▓▓▓▓▓▓▓▓▓▓'▓▓.▓.'≈.§≈§.#
▓.(....((▓▓.).▓.▓.'≈..≈'.#
▓.((...(.▓▓.⌠.▓.▓.'§..≈'.#


You could see Gloorx Vloq.

Vanquished Creatures
  2 golden dragons (D)
  Gastronok (D)
  A bone dragon (D)
  An electric golem (D)
  A hellephant (D)
  3 quicksilver dragons (D)
  A deep elf master archer (D)
  A kraken (D)
  2 sphinxes (D)
  Roxanne (D)
  2 storm dragons (D)
  A frost giant (D)
  A draconian shifter (D)
  A cacodemon (D)
  A vampire knight (D)
  Nessos (D)
  3 lorocyprocas (D)
  A deep elf high priest (D)
  A great orb of eyes (D)
  A yaktaur captain (D)
  A death yak (D)
  2 hell hogs (D)
  Sonja (D)
  An iron golem (D)
  2 deep trolls (D)
  A skeletal warrior (D)
  3 sixfirhies (D)
  2 death drakes (D)
  A harpy (D)
  4 shining eyes (D)
  2 manticores (D)
  A toenail golem (D)
  An elephant (D)
  A cane toad (D)
  An eye of devastation (D)
  A yaktaur (D)
  3 polar bears (D)
  2 tyrant leeches (D)
  3 slime creatures (D)
  A hornet (D)
  2 hippogriffs (D)
  14 flying skulls (D)
  A wyvern (D)
  Menkaure (D)
  3 soldier ants (D)
  3 crocodiles (D)
  4 floating eyes (D)
  2 swamp drakes (D)
  3 black bears (D)
  5 necrophages (D)
  2 earth elementals (D)
  9 electric eels (D)
  4 lava snakes (D)
  An iron imp (D)
  A jelly (D)
  A hell rat (D)
  4 worker ants (D)
  A spectral adder (D)
  A spectral bat (D)
123 creatures vanquished.

Vanquished Creatures (collateral kills)
  A deep elf blademaster (D)
  Kirke (D)
  A dire elephant (D)
  A crystal guardian (D)
  An ice dragon (D)
  An iron elemental (D)
  A centaur warrior (D)
  A glowing orange brain (D)
  3 orc sorcerers (D)
  11 shining eyes (D)
  A cane toad (D)
  A kobold demonologist (D)
  3 hippogriffs (D)
  A wyvern (D)
  6 floating eyes (D)
  A ballistomycete spore (D)
35 creatures vanquished.

Vanquished Creatures (others)
  A manticore (D)
  3 flying skulls (D)
  2 crocodiles (D)
  A ballistomycete spore (D)
  4 tentacles (D)
11 creatures vanquished.

Grand Total: 169 creatures vanquished

Notes
Turn   | Place    | Note
-------+----------+-------------------------------------------
     0 | D        | Groucho the Felid Berserker began the quest for the Orb.
     0 | D        | Reached XP level 1. HP: 12/12 MP: 2/2
     1 | D        | Noticed a necrophage
     1 | D        | Noticed a necrophage
     1 | D        | Noticed a necrophage
     1 | D        | Noticed a necrophage
     2 | D        | Reached skill level 14 in Stealth
     2 | D        | Reached XP level 2. HP: 16/16 MP: 3/3
     2 | D        | Reached XP level 3. HP: 20/20 MP: 4/4
     2 | D        | Reached XP level 4. HP: 24/24 MP: 5/5
     2 | D        | Reached XP level 5. HP: 28/28 MP: 6/6
    10 | D        | Killed a necrophage
    13 | D        | Killed a necrophage
    13 | D        | Killed a crocodile
    15 | D        | Killed a necrophage
    15 | D        | Reached ** piety under Trog
    19 | D        | Killed a necrophage
   129 | D        | Noticed Menkaure
   130 | D        | Reached skill level 15 in Stealth
   130 | D        | Gained mutation: You are covered in thick fur. (AC +2)
                  | [Felid growth]
   130 | D        | Reached XP level 6. HP: 31/32 MP: 7/7
   144 | D        | Killed Menkaure
   444 | D        | Noticed a tyrant leech
   445 | D        | Reached skill level 17 in Stealth
   445 | D        | Noticed a tyrant leech
   446 | D        | Reached skill level 18 in Stealth
   446 | D        | Reached XP level 7. HP: 36/36 MP: 8/8
   452 | D        | Reached *** piety under Trog
   469 | D        | Noticed a hippogriff
   469 | D        | Noticed a hippogriff
   470 | D        | Reached skill level 20 in Stealth
   481 | D        | Killed a hippogriff
   481 | D        | Reached **** piety under Trog
   488 | D        | Killed a hippogriff
   645 | D        | Noticed Roxanne
   646 | D        | Reached skill level 5 in Fighting
   646 | D        | Reached XP level 8. HP: 44/44 MP: 9/9
   660 | D        | Killed a tyrant leech
   891 | D        | Killed a tyrant leech
   924 | D        | Found Kequle's Antique Weapon Emporium.
   924 | D        | Found Recesirr's Magic Scroll Emporium.
   924 | D        | Found Wuhelin's Food Shoppe.
   924 | D        | Found Loaretipt's Jewellery Emporium.
   924 | D        | Found Zumyomm's Antique Armour Shoppe.
   924 | D        | Found Wuthreurgh's Distillery.
   924 | D        | Found Qurax's Assorted Antiques.
   925 | D        | Found Tepsi's Antique Armour Emporium.
   925 | D        | Found Efoybb's Antique Armour Shoppe.
   926 | D        | Found Kiemas's Book Shoppe.
   926 | D        | Found Idajoss's Distillery.
   927 | D        | Noticed a polar bear
   928 | D        | Reached skill level 21 in Stealth
   932 | D        | Found Raesimn's Gadget Emporium.
   932 | D        | Found Udame's Distillery.
   932 | D        | Noticed a polar bear
   932 | D        | Noticed an oklob plant
   933 | D        | Reached XP level 9. HP: 49/49 MP: 10/10
   933 | D        | Found Bonud's Distillery.
   933 | D        | Found Hyorhav's Book Shoppe.
   933 | D        | Found Jeatib's Jewellery Emporium.
   937 | D        | Noticed a fire dragon
   940 | D        | Reached skill level 10 in Dodging
   974 | D        | Bought a potion of flight for 48 gold pieces
   984 | D        | Bought the ring "Cukof" {+Inv Int+2 Dex+4} for 448 gold
                  | pieces
  1013 | D        | Found a glowing golden altar of the Shining One.
  1013 | D        | Found an ornate altar of the Wu Jian Council.
  1014 | D        | Found a shimmering altar of Xom.
  1014 | D        | Found a sacrificial altar of Ru.
  1015 | D        | Found a shimmering blue altar of Sif Muna.
  1015 | D        | Found a basalt altar of Yredelemnul.
  1016 | D        | Found a glowing silver altar of Zin.
  1016 | D        | Found a bloodstained altar of Trog.
  1016 | D        | Found an ancient bone altar of Kikubaaqudgha.
  1016 | D        | Found a stormy altar of Qazlal.
  1016 | D        | Found a viscous altar of Jiyva.
  1017 | D        | Found a hide-covered altar of Uskayaw.
  1017 | D        | Found a corrupted altar of Lugonu.
  1017 | D        | Found a shadowy altar of Dithmenos.
  1019 | D        | Found a radiant altar of Vehumet.
  1019 | D        | Found a burning altar of Makhleb.
  1019 | D        | Found a white marble altar of Elyvilon.
  1020 | D        | Found a sparkling altar of Nemelex Xobeh.
  1020 | D        | Found a blossoming altar of Fedhas.
  1021 | D        | Found an iron altar of Okawaru.
  1021 | D        | Found an opulent altar of Gozag.
  1022 | D        | Noticed a yaktaur
  1022 | D        | Noticed a hornet
  1022 | D        | Noticed a polar bear
  1023 | D        | Noticed a polar bear
  1023 | D        | Noticed a polar bear
  1024 | D        | Reached skill level 10 in Unarmed Combat
  1024 | D        | Killed a polar bear
  1025 | D        | Killed a polar bear
  1027 | D        | Killed a polar bear
  1027 | D        | Reached ***** piety under Trog
  1028 | D        | Killed a hornet
  1030 | D        | Killed a yaktaur
  1057 | D        | Reached skill level 22 in Stealth
  1058 | D        | Reached XP level 10. HP: 57/57 MP: 13/13
  1271 | D        | Noticed a manticore
  1272 | D        | Noticed a manticore
  1272 | D        | Noticed a manticore
  1280 | D        | Killed a manticore
  1286 | D        | Killed a manticore
  1287 | D        | Killed a manticore
  1444 | D        | Noticed a deep elf master archer
  1445 | D        | Reached skill level 5 in Evocations
  1466 | D        | Noticed a death drake
  1467 | D        | Noticed a death drake
  1467 | D        | Noticed a crystal guardian
  1468 | D        | Reached skill level 10 in Fighting
  1486 | D        | Killed a crystal guardian
  1842 | D        | Killed a death drake
  1844 | D        | Killed a death drake
  1863 | D        | Killed a deep elf master archer
  1870 | D        | Noticed a cane toad
  1870 | D        | Noticed a cane toad
  1870 | D        | Noticed an iron elemental
  1870 | D        | Noticed a great orb of eyes
  1871 | D        | Reached skill level 23 in Stealth
  1871 | D        | Reached XP level 11. HP: 64/64 MP: 14/17
  1875 | D        | Reached ****** piety under Trog
  1889 | D        | Killed a great orb of eyes
  1894 | D        | Killed an iron elemental
  1924 | D        | Identified the Tome of Unstable Air
  1996 | D        | Noticed a kraken
  2007 | D        | Killed a kraken
  2141 | D        | Found a snail-covered altar of Cheibriados.
  2158 | D        | Found a roughly hewn altar of Beogh.
  2220 | D        | Noticed a deep troll
  2221 | D        | Noticed a deep troll
  2223 | D        | Killed a deep troll
  2224 | D        | Killed a deep troll
  2252 | D        | Noticed a sphinx
  2253 | D        | Noticed a sphinx
  2255 | D        | Killed a sphinx
  2256 | D        | Killed a sphinx
  2312 | D        | Found a hazy altar of Hepliaklqana.
  2318 | D        | Noticed an orange crystal statue
  2375 | D        | Noticed a black draconian shifter
  2375 | D        | Noticed a glowing orange brain
  2376 | D        | Reached skill level 15 in Dodging
  2376 | D        | Reached skill level 24 in Stealth
  2376 | D        | Reached skill level 10 in Evocations
  2376 | D        | Noticed a hellephant
  2377 | D        | Gained mutation: Your thick and shaggy fur keeps you warm.
                  | (AC +3, rC+) [Felid growth]
  2377 | D        | Reached XP level 12. HP: 71/71 MP: 17/20
  2377 | D        | Noticed Sonja
  2381 | D        | Killed a black draconian shifter
  2384 | D        | Killed a hellephant
  2386 | D        | Killed Sonja
  2760 | D        | Noticed a deep elf blademaster
  2786 | D        | Mangled by a deep elf blademaster
  2787 | D        | Reached XP level 11. HP: -10/100 MP: 20/20
  2801 | D        | Killed a deep elf blademaster
  3044 | D        | Noticed a shining eye
  3044 | D        | Noticed a shining eye
  3044 | D        | Noticed a shining eye
  3044 | D        | Noticed a shining eye
  3044 | D        | Noticed a shining eye
  3044 | D        | Noticed a shining eye
  3044 | D        | Noticed a shining eye
  3044 | D        | Noticed a shining eye
  3044 | D        | Noticed a shining eye
  3044 | D        | Noticed a shining eye
  3044 | D        | Noticed a shining eye
  3044 | D        | Noticed a shining eye
  3044 | D        | Paralysed by a floating eye for 3 turns
  3045 | D        | Reached skill level 15 in Unarmed Combat
  3052 | D        | Paralysed by a floating eye for 2 turns
  3053 | D        | Killed a shining eye
  3056 | D        | Killed a shining eye
  3057 | D        | Killed a shining eye
  3057 | D        | Paralysed by a floating eye for 4 turns
  3058 | D        | Killed a shining eye
  3058 | D        | Killed a shining eye
  3059 | D        | Killed a shining eye
  3060 | D        | Killed a shining eye
  3060 | D        | Killed a shining eye
  3061 | D        | Killed a shining eye
  3065 | D        | Killed a shining eye
  3065 | D        | Killed a shining eye
  3069 | D        | Killed a shining eye
  3243 | D        | Got a clouded copper ring
  3246 | D        | Identified the ring "Womann" {rF++ Int+6} (You found it in
                  | the Dungeon)
  3421 | D        | Gained mutation: Your flesh is heat resistant. (rF+)
                  | [potion of mutation]
  3422 | D        | Gained mutation: Your muscles are strong. (Str +2) [potion
                  | of mutation]
  3423 | D        | Lost mutation: Your muscles are strong. (Str +2) [potion of
                  | mutation]
  3423 | D        | Lost mutation: Your flesh is heat resistant. (rF+) [potion
                  | of mutation]
  3423 | D        | Gained mutation: You are agile. (Dex +2) [potion of
                  | mutation]
  3424 | D        | Lost mutation: You are agile. (Dex +2) [potion of mutation]
  3424 | D        | Gained mutation: Your flesh is heat resistant. (rF+)
                  | [potion of mutation]
  3425 | D        | Lost mutation: Your flesh is heat resistant. (rF+) [potion
                  | of mutation]
  3425 | D        | Gained mutation: You are resistant to electric shocks.
                  | (rElec) [potion of mutation]
  3426 | D        | Lost mutation: You are resistant to electric shocks.
                  | (rElec) [potion of mutation]
  3426 | D        | Gained mutation: You are partially covered in slimy green
                  | scales. (AC +2) [potion of mutation]
  3427 | D        | Lost mutation: You are partially covered in slimy green
                  | scales. (AC +2) [potion of mutation]
  3427 | D        | Gained mutation: Your muscles are strong. (Str +2) [potion
                  | of mutation]
  3428 | D        | Lost mutation: Your muscles are strong. (Str +2) [potion of
                  | mutation]
  3428 | D        | Gained mutation: You are partially covered in large bone
                  | plates. (SH +4) [potion of mutation]
  3430 | D        | Lost mutation: You are partially covered in large bone
                  | plates. (SH +4) [potion of mutation]
  3430 | D        | Gained mutation: You are resistant to hostile enchantments.
                  | (MR+) [potion of mutation]
  3431 | D        | Lost mutation: You are resistant to hostile enchantments.
                  | (MR+) [potion of mutation]
  3431 | D        | Gained mutation: Your mind is acute. (Int +2) [potion of
                  | mutation]
  3432 | D        | Lost mutation: Your mind is acute. (Int +2) [potion of
                  | mutation]
  3432 | D        | Gained mutation: You are partially covered in large bone
                  | plates. (SH +4) [potion of mutation]
  3433 | D        | Lost mutation: You are partially covered in large bone
                  | plates. (SH +4) [potion of mutation]
  3433 | D        | Gained mutation: You are somewhat resistant to further
                  | mutation. [potion of mutation]
  3434 | D        | Lost mutation: You are somewhat resistant to further
                  | mutation. [potion of mutation]
  3434 | D        | Gained mutation: You have an increased reservoir of magic.
                  | (+10% MP) [potion of mutation]
  3435 | D        | Gained mutation: You are somewhat resistant to further
                  | mutation. [potion of mutation]
  3436 | D        | Lost mutation: You are somewhat resistant to further
                  | mutation. [potion of mutation]
  3436 | D        | Lost mutation: You have an increased reservoir of magic.
                  | (+10% MP) [potion of mutation]
  3436 | D        | Gained mutation: You possess an exceptional clarity of
                  | mind. [potion of mutation]
  3437 | D        | Lost mutation: You possess an exceptional clarity of mind.
                  | [potion of mutation]
  3437 | D        | Gained mutation: You are partially covered in large bone
                  | plates. (SH +4) [potion of mutation]
  3438 | D        | Lost mutation: You are partially covered in large bone
                  | plates. (SH +4) [potion of mutation]
  3438 | D        | Gained mutation: Your mind is acute. (Int +2) [potion of
                  | mutation]
  3439 | D        | Lost mutation: Your mind is acute. (Int +2) [potion of
                  | mutation]
  3439 | D        | Gained mutation: You are somewhat resistant to further
                  | mutation. [potion of mutation]
  3440 | D        | Lost mutation: You are somewhat resistant to further
                  | mutation. [potion of mutation]
  3440 | D        | Gained mutation: You are partially covered in molten
                  | scales. (AC +2) [potion of mutation]
  3441 | D        | Lost mutation: You are partially covered in molten scales.
                  | (AC +2) [potion of mutation]
  3441 | D        | Gained mutation: You expend magic power (3 MP) to
                  | strengthen your wands. [potion of mutation]
  3442 | D        | Lost mutation: You expend magic power (3 MP) to strengthen
                  | your wands. [potion of mutation]
  3442 | D        | Gained mutation: You are resistant to hostile enchantments.
                  | (MR+) [potion of mutation]
  3443 | D        | Lost mutation: You are resistant to hostile enchantments.
                  | (MR+) [potion of mutation]
  3443 | D        | Gained mutation: You have a pair of small horns on your
                  | head. [potion of mutation]
  3444 | D        | Lost mutation: You have a pair of small horns on your head.
                  | [potion of mutation]
  3444 | D        | Gained mutation: You evolve. [potion of mutation]
  3445 | D        | Lost mutation: You evolve. [potion of mutation]
  3445 | D        | Gained mutation: Your muscles are strong. (Str +2) [potion
                  | of mutation]
  3446 | D        | Lost mutation: Your muscles are strong. (Str +2) [potion of
                  | mutation]
  3446 | D        | Gained mutation: You are somewhat resistant to further
                  | mutation. [potion of mutation]
  3447 | D        | Lost mutation: You are somewhat resistant to further
                  | mutation. [potion of mutation]
  3447 | D        | Gained mutation: You are agile. (Dex +2) [potion of
                  | mutation]
  3448 | D        | Lost mutation: You are agile. (Dex +2) [potion of mutation]
  3448 | D        | Gained mutation: You are partially covered in molten
                  | scales. (AC +2) [potion of mutation]
  3449 | D        | Lost mutation: You are partially covered in molten scales.
                  | (AC +2) [potion of mutation]
  3449 | D        | Gained mutation: You are surrounded by a mild repulsion
                  | field. (EV +2) [potion of mutation]
  3450 | D        | Lost mutation: You are surrounded by a mild repulsion
                  | field. (EV +2) [potion of mutation]
  3450 | D        | Gained mutation: You are agile. (Dex +2) [potion of
                  | mutation]
  3451 | D        | Lost mutation: You are agile. (Dex +2) [potion of mutation]
  3451 | D        | Gained mutation: Your system is resistant to poisons.
                  | (rPois) [potion of mutation]
  3504 | D        | Found the +7 great mace "Undeadhunter" {disrupt, rN+}
  3504 | D        | Noticed an orc sorcerer
  3505 | D        | Noticed an orc sorcerer
  3506 | D        | Noticed an orc sorcerer
  3507 | D        | Noticed a dire elephant
  3512 | D        | Killed an orc sorcerer
  3513 | D        | Killed an orc sorcerer
  3514 | D        | Killed a dire elephant
  3515 | D        | Killed an orc sorcerer
  3708 | D        | Identified The Incunabulum of Greatest Risks and Utility
  3713 | D        | Got a brightly glowing golden ring
  3740 | D        | Got a smoking glass ring
  3741 | D        | Lost mutation: Your system is resistant to poisons. (rPois)
                  | [potion of mutation]
  3741 | D        | Gained mutation: You possess an exceptional clarity of
                  | mind. [potion of mutation]
  3741 | D        | Gained mutation: Your flesh is heat resistant. (rF+)
                  | [potion of mutation]
  3742 | D        | Lost mutation: You possess an exceptional clarity of mind.
                  | [potion of mutation]
  3742 | D        | Lost mutation: Your flesh is heat resistant. (rF+) [potion
                  | of mutation]
  3742 | D        | Gained mutation: Your mind is acute. (Int +2) [potion of
                  | mutation]
  3742 | D        | Gained mutation: You are resistant to hostile enchantments.
                  | (MR+) [potion of mutation]
  3742 | D        | Gained mutation: Your spells are a little harder to cast,
                  | but a little more powerful. [potion of mutation]
  3743 | D        | Lost mutation: Your mind is acute. (Int +2) [potion of
                  | mutation]
  3743 | D        | Lost mutation: You are resistant to hostile enchantments.
                  | (MR+) [potion of mutation]
  3743 | D        | Lost mutation: Your spells are a little harder to cast, but
                  | a little more powerful. [potion of mutation]
  3743 | D        | Gained mutation: Your flesh is heat resistant. (rF+)
                  | [potion of mutation]
  3743 | D        | Gained mutation: You are resistant to hostile enchantments.
                  | (MR+) [potion of mutation]
  3745 | D        | Identified the Grimoire of Creative Enhancements
  3763 | D        | Noticed Gastronok
  3764 | D        | Reached skill level 25 in Stealth
  3764 | D        | Reached XP level 12. HP: 73/73 MP: 16/22
  3765 | D        | Killed Gastronok
  3851 | D        | Found Natu's Book Shoppe.
  3852 | D        | Found Umirph Vicounk's Food Boutique.
  3860 | D        | Found Loti's Antique Weapon Boutique.
  3861 | D        | Found Tylevu's Weapon Shoppe.
  3863 | D        | Noticed Nessos
  3871 | D        | Killed Nessos
  4230 | D        | Bought a transparent amber ring for 115 gold pieces
  4244 | D        | Bought an uncursed ring of flight for 238 gold pieces
  4250 | D        | Bought a potion of heal wounds for 60 gold pieces
  4270 | D        | Identified the ring of Midnight {*Contam MR++ Int+6 Dex+6}
                  | (You found it in the Dungeon)
  4273 | D        | Identified the ring of Sif Muna's Favour {rElec rN++ MR+
                  | Str-4 Int+5} (You found it in the Dungeon)
  4274 | D        | Identified the ring "Yjuasm" {rC+ Int+5 SInv} (You bought
                  | it in a shop in the Dungeon)
  4308 | D        | Killed Roxanne
  4309 | D        | Identified Roxanne's Almanac of Changing (You took it off
                  | Roxanne in the Dungeon)
  4321 | D        | Noticed a golden dragon
  4343 | D        | Killed a golden dragon
  4621 | D        | Found Kockaf's Antique Armour Boutique.
  4621 | D        | Found Conuusmo's Antique Weapon Shoppe.
  4621 | D        | Found Liewe's Antique Weapon Shop.
  4621 | D        | Found Peatoam's Food Boutique.
  4621 | D        | Noticed a storm dragon
  4626 | D        | Killed a storm dragon
  4651 | D        | Noticed an ice dragon
  4651 | D        | Noticed a centaur warrior
  4651 | D        | Noticed Kirke
  4652 | D        | Noticed a storm dragon
  4653 | D        | Noticed a golden dragon
  4653 | D        | Noticed a yaktaur captain
  4654 | D        | Reached skill level 26 in Stealth
  4654 | D        | Noticed a bone dragon
  4654 | D        | Noticed a deep elf high priest
  4655 | D        | Reached XP level 13. HP: 79/79 MP: 20/24
  4659 | D        | Killed Kirke
  4660 | D        | Killed an ice dragon
  4667 | D        | Noticed a cacodemon
  4670 | D        | Noticed a frost giant
  4675 | D        | Reached skill level 15 in Fighting
  4701 | D        | Gained mutation: Your spells are a little easier to cast,
                  | but a little less powerful. [a cacodemon]
  4720 | D        | HP: 4/120 [golden dragon (14)]
  4721 | D        | Killed a bone dragon
  4721 | D        | HP: 1/120 [poisoned by a golden dragon]
  4722 | D        | Succumbed to a golden dragon's poison
  4723 | D        | Reached XP level 12. HP: 0/114 MP: 23/23
  4922 | D        | Killed a cacodemon
  5084 | D        | Killed a golden dragon
  5249 | D        | Killed a storm dragon
  5256 | D        | Killed a yaktaur captain
  5436 | D        | Killed a frost giant
  5590 | D        | Killed a deep elf high priest
  5677 | D        | Noticed a hell hog
  5677 | D        | Noticed a hell hog
  5679 | D        | Killed a hell hog
  5681 | D        | Killed a hell hog
  5686 | D        | Noticed a death yak
  5947 | D        | Killed a death yak
  5961 | D        | Found Jikoday's Gadget Emporium.
  5961 | D        | Found Kuorghy's Armour Shop.
  5961 | D        | Found Idiymn's Magic Scroll Shop.
  5961 | D        | Found Onkiettan's Jewellery Shoppe.
  5961 | D        | Found Zuna Fao's Food Boutique.
  5962 | D        | Found Jeaqurew's Jewellery Shoppe.
  5962 | D        | Found Amolu's Antique Armour Boutique.
  5962 | D        | Found Ygupuiwy's General Store.
  5962 | D        | Found Xoobawos's Magic Scroll Shop.
  5962 | D        | Found Peukhlo's Armour Emporium.
  5962 | D        | Found Ytuil's Food Shop.
  5962 | D        | Found Cofemak's Antique Weapon Shoppe.
  5964 | D        | Bought a wand of paralysis (8) for 99 gold pieces
  5966 | D        | Bought a +4 amulet of reflection for 396 gold pieces
  5976 | D        | Bought a wand of acid (8) for 198 gold pieces
  6049 | D        | Noticed an electric golem
  6049 | D        | Noticed an iron golem
  6051 | D        | Killed an electric golem
  6053 | D        | Killed an iron golem
  6303 | D        | Noticed a quicksilver dragon
  6306 | D        | Killed a quicksilver dragon
  6335 | D        | Noticed a quicksilver dragon
  6336 | D        | Reached skill level 15 in Evocations
  6338 | D        | Noticed a lorocyproca
  6353 | D        | Killed a lorocyproca
  6396 | D        | Noticed a lorocyproca
  6411 | D        | Killed a quicksilver dragon
  6416 | D        | Killed a lorocyproca
  6451 | D        | Noticed a quicksilver dragon
  6456 | D        | Killed a quicksilver dragon
  6462 | D        | Noticed a lorocyproca
  6463 | D        | Reached XP level 13. HP: 66/81 MP: 25/25
  6467 | D        | Killed a lorocyproca
  6621 | D        | Noticed Gloorx Vloq
  6622 | D        | Reached skill level 27 in Stealth
  6624 | D        | Noticed a vampire knight
  6624 | D        | Noticed a curse toe
  6700 | D        | Noticed a greater mummy
  6701 | D        | Killed a vampire knight
  6703 | D        | Annihilated by Gloorx Vloq
  6704 | D        | Reached XP level 12. HP: -27/79 MP: 25/25
  6942 | D        | Noticed an Executioner
  6942 | D        | Noticed an Executioner
  6944 | D        | HP: 1/118 [Gloorx Vloq/poison arrow (35)]
  6945 | D        | Engulfed by Gloorx Vloq's foul pestilence
  6946 | D        | Reached XP level 11. HP: 1/109 MP: 24/24
  7013 | D        | Slain by Gloorx Vloq

Skill      XL: |  1  2  3  4  5  6  7  8  9 10 11 12 13 |
---------------+----------------------------------------+-----
Stealth        | 14 15 18 20 21 22 23 25 26 27 | 27.0
Fighting       | 5 6 8 10 13 14 16 | 16.8
Dodging        | 7 8 11 13 16 19 20 | 20.8
Unarmed Combat | 6 8 10 12 15 18 19 | 19.4
Evocations     | 3 7 12 15 16 | 16.4

Action                   |  1- 3 |  4- 6 |  7- 9 | 10-12 | 13-15 || total
-------------------------+-------+-------+-------+-------+-------++-------
Melee: Unarmed           |       |    30 |    38 |   295 |    26 ||   389
       Punch             |       |     1 |     1 |    17 |     5 ||    24
       Bite              |       |     1 |     2 |    53 |     3 ||    59
Invok: Berserk           |       |     1 |     3 |    11 |     1 ||    16
       Trog's Hand       |       |       |     2 |    15 |     3 ||    20
       Brothers in Arms  |       |       |       |    24 |    13 ||    37
 Abil: Evoke Invisibilit |       |       |       |    10 |       ||    10
       Evoke Flight      |       |       |       |     6 |       ||     6
Evoke: Wand              |       |       |       |     1 |       ||     1
  Use: Potion            |       |       |     1 |    42 |     2 ||    45
       Scroll            |       |       |       |     9 |       ||     9
 Stab: Sleeping          |       |       |     9 |    40 |     1 ||    50
       Invisible         |       |       |       |     9 |       ||     9
       Distracted        |       |       |       |     4 |     1 ||     5
  Eat: Chunk             |       |       |    11 |    19 |       ||    30
       Ration            |       |       |       |     5 |       ||     5
Armor: Skin              |       |       |     2 |     6 |     1 ||     9
Dodge: Dodged            |       |    13 |    16 |   229 |    48 ||   306
